Cogmind - Beta 11.1 @@@ ROGUE MODE // 2022.11.10 @ 14:44:12 Player: Infomantis Result: Destroyed by D-53 Grenadier with Mini Grenade Launcher Performance ------------- Evolutions (0) 0 Regions Visited (2) 400 Robots Destroyed (29) 145 Value Destroyed (514) 514 Prototype IDs (2) 40 Alien Tech Used (0) 0 Bonus (-47) -47 TOTAL SCORE: 1052 Bonus ------- Friendly Fire -47 Cogmind --------- Core Integrity 0/250 Matter 270/300 Energy 50/100 System Corruption 0% Temperature Cool (0) Movement Core (50) Location -10/Mines Parts ------- > --- POWER (1) -------- (None) > --- PROPULSION (2) --- Aluminum Leg > --- UTILITY (2) ------ (None) > --- WEAPON (2) ------- Light Assault Rifle > --- INVENTORY (5) ---- Improved Heat Sink Improved Terrain Scanner Transport Network Coupler Datajack Peak State ------------ > --- POWER ------------ Ion Engine > --- PROPULSION ------- Light Treads Light Treads > --- UTILITY ---------- Large Storage Unit Seismic Detector > --- WEAPON ----------- Assault Rifle Assault Rifle > --- INVENTORY -------- Light Ion Engine Light Ion Engine Aluminum Leg Aluminum Leg Wheel Compact Wheel Improved Heat Sink Sensor Array Signal Interpreter Improved Terrain Scanner Seismic Detector Particle Gun Grenade Launcher Datajack Datajack [Rating: 9] Favorites ----------- Power Light Ion Engine Engine Light Ion Engine Propulsion Light Treads Treads Light Treads Leg Aluminum Leg Utility Large Storage Unit Device Seismic Detector Storage Large Storage Unit Weapon Assault Rifle Energy Gun Particle Gun Ballistic Gun Assault Rifle Launcher Grenade Launcher Build | -11 -10 -10 ------- Run | Scr Mat Min Slots Evolved . | . . . Power . | . . . Propulsion . | . . . Utility . | . . . Weapon . | . . . Parts Attached 25 | 8 10 7 Power 4 | 1 2 1 Engine 4 | 1 2 1 Core . | . . . Reactor . | . . . Propulsion 7 | 3 3 1 Treads 4 | 1 3 . Leg 3 | 2 . 1 Wheel . | . . . Hover . | . . . Flight . | . . . Utility 5 | 2 3 . Device 3 | 1 2 . Storage 2 | 1 1 . Processor . | . . . Hackware . | . . . Protection . | . . . Artifact . | . . . Weapon 9 | 2 2 5 Energy Gun 1 | . . 1 Energy Cannon . | . . . Ballistic Gun 6 | 2 1 3 Ballistic Cannon . | . . . Launcher 2 | . 1 1 Special Weapon . | . . . Impact Weapon . | . . . Slashing Weapon . | . . . Piercing Weapon . | . . . Special Melee Weapon . | . . . Unidentified Prototypes . | . . . Parts Lost 7 | . 1 6 Power 1 | . . 1 Propulsion 2 | . . 2 Utility 2 | . 1 1 Weapon 2 | . . 2 Highest Loss Streak 6 | . 1 6 To Critical Strikes . | . . . Average Slot Usage (%) 99 | . 98 99 Engine 13 | . 14 13 Treads 27 | . 27 28 Device 13 | . 13 14 Storage 14 | . 14 14 Ballistic Gun 26 | . 28 23 Launcher 1 | . . 4 Naked Turns . | . . . Heaviest Build 30 | 13 30 29 Greatest Support 40 | 20 40 40 Greatest Overweight (x) . | . . . Average Overweight (x) . | . . . Largest Inventory Capacity 15 | 8 15 15 Average Capacity 13 | 7 14 14 Most Carried 15 | 8 15 15 Average Carried 12 | 6 13 14 Final Capacity 15 | 8 15 5 Final Carried 15 | 8 15 4 Class Distribution -------------------- 100% | Mutant Dominant Class ---------------- Mutant | -10/Materials Mutant | -10/Mines Resources | -11 -10 -10 ----------- Run | Scr Mat Min Matter Collected 830 | 376 340 114 Remotely . | . . . Salvage Created 889 | 283 563 43 Parts 72 | 30 37 5 Haulers Intercepted 1 | . 1 . Recyclers Shooed 1 | 1 . . Parts Field Recycled . | . . . Retrieved Matter . | . . . Parts Self-Destructed . | . . . Prevented . | . . . Kills | -11 -10 -10 ------- Run | Scr Mat Min Combat Hostiles Destroyed 16 | . 10 6 Guns 12 | . 10 2 AOE 4 | . . 4 Classes Destroyed 9 | 3 4 2 Worker 3 | 2 1 . Builder 1 | . 1 . Tunneler 9 | 8 1 . Hauler 1 | . 1 . Recycler 1 | 1 . . Watcher 1 | . 1 . Swarmer 3 | . . 3 Grunt 10 | . 10 . Assembled 3 | . . 3 Best Kill Streak 5 | 3 5 3 Combat Bots Only 4 | . 4 3 Max Kills in Single Turn 2 | 2 2 2 Gunslinging . | . . . Exploded 2 | . . 2 Melee . | . . . Uniques/NPCs Destroyed . | . . . Combat | -11 -10 -10 -------- Run | Scr Mat Min Damage Taken 1127 | . 475 652 Core 262 | . 84 178 Absorbed by Shields . | . . . Core Remaining (%) 100 | 100 . . Volleys Fired 70 | 16 45 9 Largest 2 | 2 2 2 Hottest 65 | 40 40 65 Shots Fired 136 | 32 90 14 Gun 131 | 32 90 9 Cannon . | . . . Launcher 5 | . . 5 Special . | . . . Kinetic 130 | 32 90 8 Thermal 1 | . . 1 Explosive 5 | . . 5 Electromagnetic . | . . . Robot Hit Streak 8 | 4 8 3 Robot Miss Streak 3 | 3 3 3 Penetration Max . | . . . Secondary Targets 3 | . 3 . Max Gunslinging Chain 1 | . 1 . Shots Hit Robots 78 | 13 60 5 Core Hits 52 | 12 29 11 Critical Kills . | . . . Critical Parts Destroyed . | . . . Critical Strikes . | . . . Melee Attacks . | . . . Impact . | . . . Slashing . | . . . Piercing . | . . . Sneak Attacks . | . . . Combat Hostiles . | . . . Follow-up Attacks . | . . . Damage Inflicted 1343 | 187 795 361 Guns 1038 | 187 790 61 Cannons . | . . . Explosions 300 | . . 300 Melee . | . . . Ramming 5 | . 5 . Kinetic 1021 | 187 790 44 Thermal 17 | . . 17 Explosive 300 | . . 300 Electromagnetic . | . . . Impact . | . . . Slashing . | . . . Piercing . | . . . Highest Corruption . | . . . Average Corruption . | . . . Corruption Purged . | . . . Corruption Blocked . | . . . Overload Shots . | . . . Overflow Damage 8 | . . 8 Projectiles . | . . . Explosions 8 | . . 8 Melee . | . . . Knockbacks . | . . . Impact . | . . . Kinetic . | . . . Secondary . | . . . Self-Inflicted Damage 27 | . . 27 Shots 2 | . . 2 Rammed 2 | . 2 . Targets Rammed 2 | . 2 . Kicked . | . . . Crushed . | . . . Highest Temperature 33 | . 33 24 Average Temperature 8 | . 8 13 Received Heat Transfer 297 | . 297 . Siege Activations . | . . . Robots Corrupted . | . . . Combat Hostiles . | . . . Parts Fried . | . . . Impact Corruptions . | . . . Robots Melted . | . . . Combat Hostiles . | . . . Parts Melted . | . . . Heat Transferred 37 | . . 37 Parts Sabotaged . | . . . Parts Stolen . | . . . Parts Stripped . | . . . Power Chain Reactions . | . . . Missiles Intercepted . | . . . Alert | -11 -10 -10 ------- Run | Scr Mat Min Peak Influence 342 | 55 342 193 Initial 75 | . 35 75 Average 123 | 26 147 140 Maximum Alert Level 1 | . 1 . Low Security (%) 84 | 100 72 100 Level 1 15 | . 27 . Level 2 . | . . . Level 3 . | . . . Level 4 . | . . . Level 5 . | . . . High Security . | . . . Max Security . | . . . Squads Dispatched 4 | . 4 . Investigation 4 | . 4 . Extermination . | . . . Reinforcement . | . . . Assault . | . . . Garrison . | . . . Intercept . | . . . Searches Triggered . | . . . Construction Impeded . | . . . Haulers Reinforced . | . . . Active Scanning Responses . | . . . Cargo Convoy Interrupts . | . . . Stealth | -11 -10 -10 --------- Run | Scr Mat Min Distress Signals 3 | . 3 . Communications Jammed . | . . . Distress Signals . | . . . Times Spotted 22 | . 13 9 Peak Tracking Total 5 | . 5 4 Tactical Retreats 1 | . 1 . Traps | -11 -10 -10 ------- Run | Scr Mat Min Traps Triggered 1 | . 1 . Indirectly . | . . . Trap Hack Attempts . | . . . Triggered . | . . . Disarmed 6 | . 6 . Reprogrammed . | . . . Reused . | . . . Traps Extracted . | . . . Installed . | . . . Triggered . | . . . Machines | -11 -10 -10 ---------- Run | Scr Mat Min Machines Disabled 1 | . 1 . Max in Single Turn 1 | . 1 . Machines Sabotaged . | . . . Garrisons Compromised . | . . . Overloaded Fab Kills . | . . . Hacking | -11 -10 -10 --------- Run | Scr Mat Min Machines Accessed 7 | . 7 . Terminals 5 | . 5 . Fabricators . | . . . Repair Stations . | . . . Recycling Units 2 | . 2 . Scanalyzers . | . . . Garrison Access . | . . . Total Hacks 18 | . 18 . Successful 10 | . 10 . Failed 7 | . 7 . Catastrophic 2 | . 2 . Database Lockouts 1 | . 1 . Manual 10 | . 10 . Terminals 16 | . 16 . Fabricators . | . . . Repair Stations . | . . . Recycling Units 2 | . 2 . Scanalyzers . | . . . Garrison Access . | . . . Terminal Hacks 7 | . 7 . Robot Analysis 1 | . 1 . Prototype ID Bank 1 | . 1 . Branch Access Points 1 | . 1 . Locate Traps 1 | . 1 . Disarm Traps 2 | . 2 . Transport Status 1 | . 1 . Fabricator Hacks . | . . . Repair Station Hacks . | . . . Recycling Unit Hacks . | . . . Scanalyzer . | . . . Garrison Access Hacks . | . . . Unauthorized Hacks 3 | . 3 . Terminals 1 | . 1 . Disrupt 1 | . 1 . Fabricators . | . . . Repair Stations . | . . . Recycling Units 2 | . 2 . Tunnel 2 | . 2 . Scanalyzers . | . . . Garrison Access . | . . . Data Cores Recovered . | . . . Used . | . . . Hacking Detections 5 | . 5 . Full Trace Events 2 | . 2 . Feedback Events . | . . . Feedback Blocked . | . . . Robot Schematics Acquired . | . . . Robots Built . | . . . Authchips . | . . . Time . | . . . Total Robot Build Rating . | . . . Part Schematics Acquired . | . . . Parts Built . | . . . Authchips . | . . . Time . | . . . Total Part Build Rating . | . . . Parts Repaired . | . . . Time . | . . . Parts Recycled . | . . . Recycled Matter . | . . . Retrieved Matter . | . . . Retrieved Components . | . . . Parts Scanalyzed . | . . . Part Schematics Acquired . | . . . Parts Damaged . | . . . Bothacking | -11 -10 -10 ------------ Run | Scr Mat Min Used RIF Installer . | . . . Robots Hacked . | . . . Non-combat . | . . . Combat . | . . . Robot Hacks Applied . | . . . Relay Couplers Released . | . . . Fabnet Peak Effective % . | . . . Robots Rewired . | . . . Allies Hacked . | . . . Hacks Repelled . | . . . Allies | -11 -10 -10 -------- Run | Scr Mat Min Total Allies 2 | . . 2 Largest Group 2 | . . 2 Highest-Rated Group 49 | . . 49 Highest-Rated Ally 31 | . . 31 Total Orders . | . . . Ally Attacks 3 | . . 3 Total Damage 20 | . . 20 Kills . | . . . Allies Corrupted . | . . . Allies Melted . | . . . Intel | -11 -10 -10 ------- Run | Scr Mat Min Robot Analysis Total 1 | . 1 . Derelict Logs Recovered . | . . . Drone Launches . | . . . Drone Recoveries . | . . . Exploration | -11 -10 -10 ------------- Run | Scr Mat Min Turns Passed 1676 | 313 980 383 Spaces Moved 899 | 188 490 221 Core 6 | 3 . 3 Treads 702 | 3 481 218 Legs 191 | 182 9 . Wheels . | . . . Hover . | . . . Flight . | . . . Fastest Speed 50 | 50 120 50 Average Speed 150 | 119 159 158 Slowest Speed 160 | 160 160 160 Overloaded Moves . | . . . Propulsion Burnouts . | . . . Robots Hopped . | . . . Cave-ins Triggered . | . . . Exploration Rate (%) 40 | 6 77 37 Regions Visited 2 Branch Regions 1 Pre-discovered Areas 2 | . 2 . Known Exits Taken 1 | . 1 . Unknown Exits Taken 1 | 1 . . Scrap Searched 1 | . . 1 Spaces Dug . | . . . Terrain Destroyed 32 | . . 32 Melee . | . . . Projectile . | . . . AOE 32 | . . 32 Terrain Rammed . | . . . Walls Destroyed . | . . . Machines Disabled . | . . . Actions | -11 -10 -10 --------- Run | Scr Mat Min Total 1083 | 240 602 241 Wait 54 | 21 33 . Move 897 | 187 489 221 Hop . | . . . Pick Up 22 | 8 14 . Fast Attach 7 | 7 . . Attach 6 | . 2 4 Detach . | . . . Swap 12 | 1 8 3 Drop 13 | . 9 4 Fire 70 | 16 45 9 Melee . | . . . Ram . | . . . Kick . | . . . Crush 2 | . 2 . Escape Stasis . | . . . Rewire . | . . . Trap . | . . . Miscellaneous . | . . . Route ------- -11/Scrapyard -10/Materials (discovered 3 exits: [*Mat x2] / *Min) -10/Mines History --------- Turn | Location | Event 4 | -11/Scrapyard | Discovered new exit (range 15) 314 | -11/Scrapyard | Entered Materials 315 | -10/Materials | Build established: Mutant 621 | -10/Materials | Identified exit to Mines 630 | -10/Materials | Discovered new exit (range 11) 1157 | -10/Materials | Discovered new exit (range 12) 1173 | -10/Materials | Central database locked down 1294 | -10/Materials | Entered Mines 1637 | -10/Mines | Assembled infested the area 1642 | -10/Mines | Assisted by a Guerilla fighting off Assembled 1666 | -10/Mines | Core integrity fell below 50% 1677 | -10/Mines | Core integrity fell below 20% 1677 | -10/Mines | Destroyed by D-53 Grenadier with Mini Grenade Launcher Last Messages --------------- 01659_ Destroyed Asb. Hover Unit. 01660_ HV Slug penetrates Wall. 01661_ as-22518 destroyed. 01661_ as-56051 destroyed. 01663_ AI-V97(h) destroyed. 01663_ S1-AQG(z) destroyed. 01664_ Acquired 33 matter. 01665_ The unstable cave ceiling collapses. 01667_ Grenade Launcher destroyed. 01668_ SW-PPM(g) destroyed. 01669_ Lgt. Ion Engine destroyed. 01670_ Lgt. Treads destroyed. 01670_ Assault Rifle destroyed. 01672_ Lgt. Treads destroyed. 01672_ Seismic Detector destroyed. 01673_ The unstable cave ceiling collapses. 01674_ Dropped Lrg. Storage Unit. 01674_ Dropped Ion Engine. 01675_ Dropped Particle Gun. 01677_ The unstable cave ceiling collapses. Map ----- +----------------------------------------------------+ | | | | | | | | | | | | | | | ?????????????????????????????????????????????????? | | ?????????????########?????????####?######??????### | | ????????????## ##??####### ### ##?????# " | | ???????????## #### #?????# " | | ???????????# ### ####### " | | ??????????## ##### #?## | | ?########## ####???# #??## ######### | | ?# """ ##??????# ##??##### ##???????# | | ?# """ #???????# ###????####????????# | | ?# ##### """ #???????#u ##???????????????### | | ?# #???#### #????#### ####??????????????? | | ?# #??????## ##??## ##?????????????? | | ## #???????# #?## ##????????????? | | #??????## ### ## #????????????? | | ####?????## ### * ### #????????????? | | ?????##### ##?# ! #?# #????????????? | | ????## #?#"# #?#####????????????? | | ????# #???# #??????????????????? | | ???## ## ##???# @ #??????????????????? | | ???# #######????# # #??????????????????? | | ???# #??????????# ## #??????????????????? | | ???## ##??????????# #?##??????????????????? | | ????####???????????# =t#?????????????????????? | | ???????????????????#### dd;#?????????????????????? | | ??????????????????????# *##?????????????????????? | | ??????????????????????# % ??????????????????????? | | ??????????????????????## ??????????????????????? | | ???????????????????????# ??????????????????????? | | ??????????????????????? ??????????????????????? | | ??????????????????????? ??????????????????????? | | ???????????????????????